[ AOE2 MATCH · #478270688 ]
Team RMSlavs vs Vietnamese
[ REPLAY ANALYSIS · EXTRACTED FROM THE RECORDED GAME ]
Feudal
11:45
Castle
20:38
Imperial
—
| APM avg | 24.3 |
| APM peak | 67 |
| eAPM avg | 16.5 |
| Villagers / military | 54 / 16 |
Focus
⚔️ 19.7% · 🌾 80.3%
Militia ×15 · Monk ×1
Feudal
13:20
Castle
22:02
Imperial
—
| APM avg | 29.9 |
| APM peak | 57 |
| eAPM avg | 11.9 |
| Villagers / military | 66 / 0 |
Focus
⚔️ 16.0% · 🌾 84.0%
Feudal
12:52
Castle
25:01
Imperial
—
| APM avg | 24.4 |
| APM peak | 65 |
| eAPM avg | 12.0 |
| Villagers / military | 52 / 46 |
Focus
⚔️ 33.2% · 🌾 66.8%
Militia ×39 · Spearman ×6 · Monk ×1
Feudal
—
Castle
—
Imperial
—
| APM avg | 12.6 |
| APM peak | 24 |
| eAPM avg | 11.3 |
| Villagers / military | 112 / 1 |
Focus
⚔️ 1.1% · 🌾 98.9%
Monk ×1
Feudal
—
Castle
—
Imperial
—
| APM avg | 27.3 |
| APM peak | 66 |
| eAPM avg | 19.3 |
| Villagers / military | 93 / 2 |
Focus
⚔️ 11.7% · 🌾 88.3%
Monk ×2
Feudal
13:40
Castle
17:19
Imperial
—
| APM avg | 23.0 |
| APM peak | 59 |
| eAPM avg | 16.4 |
| Villagers / military | 56 / 9 |
Focus
⚔️ 23.3% · 🌾 76.7%
Battering Ram ×6 · Scorpion ×3
Feudal
13:38
Castle
20:33
Imperial
—
| APM avg | 14.4 |
| APM peak | 31 |
| eAPM avg | 11.1 |
| Villagers / military | 76 / 4 |
Focus
⚔️ 9.5% · 🌾 90.5%
Archer ×3 · Monk ×1
Feudal
11:24
Castle
18:07
Imperial
—
| APM avg | 19.0 |
| APM peak | 45 |
| eAPM avg | 13.5 |
| Villagers / military | 121 / 1 |
Focus
⚔️ 4.6% · 🌾 95.4%
Monk ×1
Match map
Initial resources + every placement click. Lines = walls · curves = elevation contours. ◆ gold · ⬟ stone · ● berries · ✦ relic · ◌ wall gap
Your base· ✓ Closed at 20:38 · 1t walls · no gate
kmac's base· ✓ Closed at 22:02 · 6t walls · no gate
FappingFuriously's base· ✓ Closed at 25:01 · 0t walls · no gate
jkaner5000's base· ✓ Closed at 13:13 · 0t walls · no gate
XXxCoExXX's base· ✓ Closed at 15:51 · 8t walls · no gate
Fruitsallad's base· ✓ Closed at 17:19 · 25t walls · no gate
AirForceOne's base· ✓ Closed at 20:33 · 0t walls · no gate
Prnv2592's base· ✓ Closed at 18:07 · 0t walls · no gate
Smoothed initial terrain · ◌ = detected wall gap · hover for details
Inputs per minute
— Hallo (RU) - - kmac
Build order — Hallo (RU)
125 actions detected in the replay
| 0:09 | Build | House |
| 0:10 | Build | House |
| 0:11 | Create | Villager (Male) ×4 |
| 0:59 | Research | Loom |
| 1:30 | Create | Villager (Male) |
| 1:30 | Create | Villager (Male) |
| 2:36 | Create | Villager (Male) |
| 2:37 | Create | Villager (Male) |
| 2:37 | Create | Villager (Male) |
| 2:46 | Build | Lumber Camp |
| 2:47 | Create | Villager (Male) |
| 2:47 | Create | Villager (Male) |
| 3:23 | Create | Villager (Male) |
| 3:24 | Create | Villager (Male) |
| 3:54 | Create | Villager (Male) |
| 3:54 | Create | Villager (Male) |
| 3:54 | Create | Villager (Male) |
| 4:53 | Create | Villager (Male) |
| 4:53 | Create | Villager (Male) |
| 5:29 | Create | Villager (Male) |
| 5:29 | Create | Villager (Male) |
| 5:40 | Build | House |
| 5:41 | Build | House |
| 5:41 | Build | House |
| 5:50 | Create | Villager (Male) |
| 5:50 | Create | Villager (Male) |
| 5:50 | Create | Villager (Male) |
| 5:59 | Build | House |
| 6:00 | Build | House |
| 6:01 | Build | House |
| 6:02 | Build | House |
| 6:24 | Create | Villager (Male) |
| 6:24 | Create | Villager (Male) |
| 6:54 | Create | Villager (Male) |
| 6:55 | Create | Villager (Male) |
| 6:59 | Create | Villager (Male) |
| 7:09 | Build | Palisade Wall |
| 9:04 | Build | Mill |
| 9:35 | Research | Feudal Age |
| 10:14 | Create | Villager (Male) |
| 10:15 | Create | Villager (Male) |
| 11:45 | Age | Feudal Age |
| 11:51 | Build | Market |
| 11:53 | Build | Blacksmith |
| 11:58 | Research | Double-Bit Axe |
| 12:00 | Research | Horse Collar |
| 12:05 | Create | Villager (Male) |
| 12:13 | Build | Farm |
| 12:42 | Create | Villager (Male) |
| 12:44 | Create | Villager (Male) |
| 12:49 | Build | Farm |
| 12:49 | Build | Farm |
| 12:49 | Build | Farm |
| 12:50 | Build | Farm |
| 13:05 | Build | Farm |
| 13:07 | Create | Villager (Male) |
| 13:23 | Create | Villager (Male) |
| 13:36 | Build | Mill |
| 13:56 | Build | Farm |
| 13:57 | Create | Villager (Male) |
| 14:20 | Build | Farm |
| 14:22 | Create | Villager (Male) |
| 14:52 | Build | Mining Camp |
| 15:11 | Create | Villager (Male) |
| 15:13 | Build | Farm |
| 15:18 | Create | Villager (Male) |
| 15:21 | Build | Farm |
| 16:23 | Build | Barracks |
| 16:32 | Research | Wheelbarrow |
| 17:58 | Research | Castle Age |
| 19:07 | Create | Militia |
| 19:07 | Create | Militia |
| 19:07 | Create | Militia |
| 19:08 | Create | Militia |
| 19:08 | Create | Militia |
| 19:09 | Build | Barracks |
| 19:22 | Research | Scale Mail Armor |
| 20:08 | Build | Mining Camp |
| 20:10 | Research | Man-at-Arms (upgrade) |
| 20:20 | Build | Farm |
| 20:23 | Build | Farm |
| 20:38 | Age | Castle Age |
| 20:45 | Build | Monastery |
| 21:01 | Build | Castle |
| 21:09 | Research | Long Swordsman (upgrade) |
| 21:12 | Create | Militia |
| 21:16 | Create | Militia |
| 21:19 | Create | Villager (Male) |
| 21:19 | Create | Villager (Male) |
| 21:25 | Create | Monk |
| 21:34 | Build | Town Center |
| 21:50 | Create | Villager (Male) |
| 21:52 | Create | Militia |
| 22:30 | Create | Villager (Male) |
| 22:44 | Build | Farm |
| 22:51 | Research | Heavy Plow |
| 22:52 | Create | Villager (Male) |
| 22:52 | Create | Villager (Male) |
| 22:52 | Create | Villager (Male) |
| 22:58 | Create | Villager (Male) |
| 22:58 | Create | Villager (Male) |
| 23:16 | Build | Farm |
| 23:23 | Build | Farm |
| 23:26 | Create | Villager (Male) |
| 23:26 | Create | Villager (Male) |
| 23:27 | Create | Villager (Male) |
| 23:35 | Build | Farm |
| 23:44 | Create | Villager (Male) |
| 23:56 | Build | Farm |
| 24:31 | Create | Villager (Male) |
| 24:31 | Create | Villager (Male) |
| 25:34 | Create | Militia |
| 25:34 | Create | Militia |
| 25:35 | Create | Militia |
| 25:52 | Create | Militia |
| 25:52 | Create | Militia |
| 26:05 | Build | House |
| 26:05 | Build | House |
| 26:06 | Build | House |
| 26:06 | Build | House |
| 26:06 | Build | House |
| 26:07 | Build | House |
| 26:07 | Build | House |
| 26:14 | Create | Militia |
| 26:15 | Create | Militia |
Build order — kmac
136 actions detected in the replay
| 0:03 | Create | Villager (Male) ×4 |
| 0:03 | Create | Villager (Male) ×4 |
| 0:05 | Build | House |
| 0:07 | Build | House |
| 0:26 | Research | Loom |
| 1:06 | Build | Lumber Camp |
| 1:44 | Create | Villager (Male) |
| 2:29 | Build | Palisade Wall |
| 2:39 | Create | Villager (Male) |
| 3:06 | Create | Villager (Male) |
| 3:31 | Create | Villager (Male) |
| 3:31 | Create | Villager (Male) |
| 4:17 | Create | Villager (Male) |
| 4:18 | Create | Villager (Male) |
| 4:43 | Create | Villager (Male) |
| 4:43 | Create | Villager (Male) |
| 4:56 | Create | Villager (Male) |
| 5:39 | Create | Villager (Male) |
| 5:39 | Create | Villager (Male) |
| 5:53 | Build | House |
| 5:54 | Build | House |
| 6:12 | Create | Villager (Male) |
| 6:12 | Create | Villager (Male) |
| 6:20 | Create | Villager (Male) |
| 6:20 | Create | Villager (Male) |
| 6:31 | Create | Villager (Male) |
| 6:31 | Create | Villager (Male) |
| 6:52 | Build | Palisade Wall |
| 7:40 | Build | Palisade Wall |
| 7:41 | Build | Palisade Wall |
| 7:50 | Create | Villager (Male) |
| 7:50 | Create | Villager (Male) |
| 7:50 | Create | Villager (Male) |
| 8:08 | Build | Palisade Wall |
| 8:10 | Build | Palisade Wall |
| 8:34 | Create | Villager (Male) |
| 8:34 | Create | Villager (Male) |
| 8:40 | Build | House |
| 8:43 | Build | House |
| 8:44 | Build | House |
| 8:46 | Build | House |
| 8:53 | Build | Mill |
| 9:06 | Create | Villager (Male) |
| 9:06 | Create | Villager (Male) |
| 9:07 | Create | Villager (Male) |
| 9:45 | Build | Mill |
| 10:19 | Create | Villager (Male) |
| 10:19 | Create | Villager (Male) |
| 10:20 | Create | Villager (Male) |
| 10:40 | Build | House |
| 11:06 | Research | Feudal Age |
| 11:10 | Build | House |
| 11:12 | Build | House |
| 11:38 | Create | Villager (Male) |
| 11:38 | Create | Villager (Male) |
| 12:14 | Build | Mining Camp |
| 13:17 | Create | Villager (Male) |
| 13:18 | Create | Villager (Male) |
| 13:20 | Age | Feudal Age |
| 13:22 | Research | Horse Collar |
| 13:24 | Research | Double-Bit Axe |
| 14:20 | Create | Villager (Male) |
| 14:45 | Create | Villager (Male) |
| 14:57 | Research | Wheelbarrow |
| 14:57 | Research | Town Watch |
| 15:01 | Build | Farm |
| 15:01 | Build | Farm |
| 15:03 | Build | Farm |
| 15:05 | Build | Farm |
| 15:06 | Build | Farm |
| 15:07 | Build | Farm |
| 15:10 | Create | Villager (Male) |
| 15:12 | Create | Villager (Male) |
| 15:29 | Build | Farm |
| 15:31 | Create | Villager (Male) |
| 15:46 | Build | Farm |
| 16:24 | Create | Villager (Male) |
| 16:25 | Create | Villager (Male) |
| 16:37 | Build | Blacksmith |
| 16:51 | Build | Market |
| 17:13 | Create | Villager (Male) |
| 17:33 | Build | Farm |
| 17:37 | Build | Farm |
| 17:41 | Build | Farm |
| 17:44 | Build | Farm |
| 17:47 | Build | Farm |
| 17:54 | Build | Farm |
| 17:56 | Create | Villager (Male) |
| 18:05 | Create | Villager (Male) |
| 18:21 | Create | Villager (Male) |
| 18:22 | Create | Villager (Male) |
| 18:43 | Build | Farm |
| 18:48 | Build | Farm |
| 18:52 | Build | Farm |
| 19:21 | Build | Barracks |
| 19:22 | Research | Castle Age |
| 20:14 | Research | Forging |
| 20:14 | Research | Scale Mail Armor |
| 20:15 | Research | Padded Archer Armor |
| 20:17 | Research | Fletching |
| 20:32 | Build | Archery Range |
| 20:43 | Build | House |
| 20:45 | Build | House |
| 20:45 | Build | House |
| 20:46 | Build | House |
| 20:52 | Create | Villager (Male) |
| 21:34 | Build | Barracks |
| 21:50 | Create | Villager (Male) |
| 22:02 | Age | Castle Age |
| 22:07 | Create | Villager (Male) |
| 22:09 | Research | Hand Cart |
| 22:12 | Research | Heavy Plow |
| 22:24 | Build | Mining Camp |
| 22:29 | Create | Villager (Male) |
| 22:29 | Create | Villager (Male) |
| 22:46 | Build | Town Center |
| 23:10 | Research | Bow Saw |
| 23:39 | Create | Villager (Male) |
| 24:02 | Build | Town Center |
| 24:04 | Create | Villager (Male) |
| 24:04 | Create | Villager (Male) |
| 24:07 | Create | Villager (Male) |
| 24:17 | Create | Villager (Male) |
| 24:26 | Create | Villager (Male) |
| 24:42 | Build | Farm |
| 24:47 | Build | Monastery |
| 25:11 | Build | University |
| 25:43 | Build | Archery Range |
| 25:44 | Build | Archery Range |
| 25:44 | Build | Archery Range |
| 25:50 | Research | Chemistry |
| 26:25 | Build | Farm |
| 26:27 | Build | Farm |
| 26:30 | Build | Farm |
| 27:03 | Create | Villager (Male) |
| 27:03 | Create | Villager (Male) |
Build order — FappingFuriously
First 150 of 164 actions detected
| 0:01 | Create | Villager (Male) |
| 0:01 | Create | Villager (Male) |
| 0:02 | Create | Villager (Male) |
| 0:02 | Create | Villager (Male) |
| 0:04 | Build | House |
| 0:09 | Build | House |
| 1:43 | Create | Villager (Male) |
| 1:58 | Build | Lumber Camp |
| 2:12 | Create | Villager (Male) |
| 2:12 | Create | Villager (Male) |
| 2:31 | Create | Villager (Male) |
| 2:57 | Create | Villager (Male) |
| 2:58 | Create | Villager (Male) |
| 3:21 | Build | House |
| 3:24 | Build | House |
| 3:29 | Create | Villager (Male) |
| 3:44 | Create | Villager (Male) |
| 4:04 | Create | Villager (Male) |
| 4:43 | Create | Villager (Male) |
| 5:12 | Create | Villager (Male) |
| 5:12 | Create | Villager (Male) |
| 5:19 | Build | House |
| 5:57 | Create | Villager (Male) |
| 5:57 | Create | Villager (Male) |
| 5:57 | Create | Villager (Male) |
| 6:11 | Build | Mill |
| 6:43 | Create | Villager (Male) |
| 6:55 | Build | Mining Camp |
| 6:56 | Create | Villager (Male) |
| 7:41 | Create | Villager (Male) |
| 7:41 | Create | Villager (Male) |
| 7:41 | Create | Villager (Male) |
| 7:41 | Create | Villager (Male) |
| 8:20 | Build | Mining Camp |
| 8:31 | Create | Villager (Male) |
| 8:53 | Build | Mill |
| 9:07 | Build | House |
| 9:10 | Build | House |
| 9:24 | Create | Villager (Male) |
| 9:49 | Create | Villager (Male) |
| 9:56 | Research | Loom |
| 10:34 | Build | Barracks |
| 10:42 | Research | Feudal Age |
| 12:39 | Create | Villager (Male) |
| 12:52 | Age | Feudal Age |
| 12:53 | Build | Barracks |
| 12:55 | Create | Militia |
| 12:55 | Create | Militia |
| 13:10 | Build | Blacksmith |
| 13:12 | Create | Villager (Male) |
| 13:25 | Create | Villager (Male) |
| 13:33 | Create | Militia |
| 13:40 | Research | Horse Collar |
| 13:40 | Research | Horse Collar |
| 13:52 | Research | Scale Mail Armor |
| 13:53 | Research | Forging |
| 13:54 | Create | Villager (Male) |
| 14:00 | Research | Arson |
| 14:06 | Build | House |
| 14:16 | Build | House |
| 14:18 | Create | Villager (Male) |
| 14:25 | Create | Villager (Male) |
| 14:35 | Create | Militia ×4 |
| 15:06 | Build | House |
| 15:18 | Build | House |
| 15:20 | Create | Villager (Male) |
| 15:53 | Build | Mill |
| 15:55 | Create | Villager (Male) |
| 16:02 | Build | Farm |
| 16:07 | Create | Militia ×2 |
| 16:17 | Build | House |
| 16:26 | Build | Farm |
| 16:27 | Build | Farm |
| 16:27 | Build | Farm |
| 16:28 | Build | Farm |
| 16:28 | Build | Farm |
| 16:52 | Build | House |
| 17:00 | Create | Villager (Male) |
| 17:16 | Build | Market |
| 17:37 | Build | House |
| 17:50 | Create | Villager (Male) |
| 17:57 | Create | Villager (Male) |
| 18:04 | Create | Militia ×3 |
| 18:04 | Create | Militia ×3 |
| 18:13 | Build | House |
| 18:21 | Create | Villager (Male) |
| 18:29 | Build | House |
| 18:32 | Build | House |
| 18:38 | Create | Villager (Male) |
| 18:50 | Build | Farm |
| 19:10 | Build | Farm |
| 19:10 | Build | Farm |
| 19:10 | Build | Farm |
| 19:11 | Build | Farm |
| 19:11 | Build | Farm |
| 19:11 | Build | Farm |
| 19:11 | Build | Farm |
| 19:12 | Build | Farm |
| 19:12 | Build | Farm |
| 19:19 | Create | Villager (Male) |
| 19:38 | Create | Villager (Male) |
| 19:51 | Build | Farm |
| 19:54 | Create | Villager (Male) |
| 20:00 | Build | Farm |
| 20:06 | Build | Farm |
| 20:18 | Build | Farm |
| 20:23 | Build | Farm |
| 20:30 | Create | Militia |
| 20:30 | Create | Militia |
| 20:31 | Create | Militia |
| 20:31 | Create | Militia |
| 20:42 | Build | Farm |
| 20:49 | Build | Farm |
| 20:51 | Create | Villager (Male) |
| 21:01 | Create | Militia |
| 21:01 | Create | Militia |
| 21:16 | Build | Farm |
| 21:30 | Create | Villager (Male) |
| 21:39 | Build | Farm |
| 21:50 | Create | Spearman |
| 21:50 | Create | Spearman |
| 21:50 | Create | Spearman |
| 21:50 | Create | Spearman |
| 21:56 | Create | Villager (Male) |
| 22:16 | Research | Castle Age |
| 22:23 | Build | Farm |
| 22:43 | Create | Militia |
| 22:43 | Create | Militia |
| 22:52 | Build | Farm |
| 23:00 | Build | House |
| 23:01 | Build | House |
| 23:02 | Build | House |
| 23:03 | Build | House |
| 23:04 | Build | House |
| 23:06 | Build | House |
| 23:13 | Create | Militia ×5 |
| 23:28 | Create | Militia |
| 23:29 | Create | Militia |
| 23:50 | Create | Militia |
| 23:51 | Create | Militia |
| 24:01 | Create | Spearman |
| 24:01 | Create | Spearman |
| 24:18 | Research | Double-Bit Axe |
| 24:34 | Create | Militia |
| 25:01 | Age | Castle Age |
| 25:14 | Research | Chain Mail Armor |
| 25:14 | Research | Chain Mail Armor |
| 25:14 | Research | Iron Casting |
| 25:33 | Create | Militia |
| 25:33 | Create | Militia |
Build order — jkaner5000
First 150 of 208 actions detected
| 0:02 | Create | Villager (Male) |
| 0:02 | Create | Villager (Male) |
| 0:02 | Create | Villager (Male) |
| 0:03 | Create | Villager (Male) |
| 0:06 | Build | House |
| 0:09 | Build | House |
| 0:42 | Create | Villager (Male) |
| 1:37 | Create | Villager (Male) |
| 2:14 | Create | Villager (Male) |
| 2:15 | Create | Villager (Male) |
| 2:53 | Build | Lumber Camp |
| 2:54 | Create | Villager (Male) |
| 3:01 | Build | Mill |
| 3:30 | Create | Villager (Male) |
| 3:42 | Build | House |
| 3:45 | Create | Villager (Male) |
| 4:19 | Create | Villager (Male) |
| 4:45 | Create | Villager (Male) |
| 5:01 | Create | Villager (Male) |
| 5:20 | Create | Villager (Male) |
| 5:33 | Create | Villager (Male) |
| 5:49 | Build | House |
| 6:15 | Create | Villager (Male) |
| 6:25 | Create | Villager (Male) |
| 6:37 | Create | Villager (Male) |
| 6:49 | Build | Farm |
| 7:17 | Create | Villager (Male) |
| 8:11 | Create | Villager (Male) |
| 8:36 | Create | Villager (Male) |
| 8:42 | Build | Mining Camp |
| 9:01 | Create | Villager (Male) |
| 9:24 | Research | Feudal Age |
| 9:41 | Build | Farm |
| 9:54 | Build | Mill |
| 10:11 | Create | Villager (Male) |
| 10:32 | Build | House |
| 10:34 | Build | House |
| 11:32 | Build | Market |
| 11:43 | Build | Blacksmith |
| 11:48 | Build | House |
| 11:55 | Build | Farm |
| 11:58 | Create | Villager (Male) |
| 12:26 | Build | Farm |
| 12:28 | Create | Villager (Male) |
| 12:56 | Build | Farm |
| 13:13 | Research | Castle Age |
| 13:13 | Research | Castle Age |
| 13:28 | Research | Double-Bit Axe |
| 13:47 | Research | Horse Collar |
| 13:50 | Create | Villager (Male) |
| 15:05 | Build | Farm |
| 15:10 | Build | Farm |
| 15:42 | Build | Town Center |
| 15:49 | Create | Villager (Male) |
| 16:00 | Build | Town Center |
| 16:08 | Create | Villager (Male) |
| 16:11 | Research | Bow Saw |
| 16:31 | Build | Farm |
| 16:34 | Create | Villager (Male) |
| 17:00 | Research | Wheelbarrow |
| 17:11 | Build | Farm |
| 17:13 | Create | Villager (Male) |
| 17:34 | Create | Villager (Male) |
| 17:35 | Create | Villager (Male) |
| 17:40 | Build | Farm |
| 17:52 | Build | Farm |
| 17:57 | Build | Farm |
| 18:01 | Build | Farm |
| 18:04 | Build | Farm |
| 18:06 | Create | Villager (Male) |
| 18:06 | Create | Villager (Male) |
| 18:26 | Create | Villager (Male) |
| 18:26 | Create | Villager (Male) |
| 18:32 | Build | Farm |
| 18:35 | Build | Farm |
| 18:37 | Create | Villager (Male) |
| 18:37 | Create | Villager (Male) |
| 18:46 | Create | Villager (Male) |
| 18:55 | Build | Farm |
| 18:58 | Create | Villager (Male) |
| 18:58 | Create | Villager (Male) |
| 18:59 | Create | Villager (Male) |
| 19:02 | Build | Farm |
| 19:06 | Build | Farm |
| 19:09 | Create | Villager (Male) |
| 19:09 | Create | Villager (Male) |
| 19:23 | Create | Villager (Male) |
| 19:23 | Create | Villager (Male) |
| 19:29 | Build | Farm |
| 19:33 | Build | Farm |
| 19:36 | Build | Farm |
| 19:38 | Create | Villager (Male) |
| 19:39 | Create | Villager (Male) |
| 19:39 | Create | Villager (Male) |
| 19:39 | Create | Villager (Male) |
| 19:48 | Build | Farm |
| 20:06 | Build | Town Center |
| 20:12 | Create | Villager (Male) |
| 20:12 | Create | Villager (Male) |
| 20:13 | Create | Villager (Male) |
| 20:27 | Create | Villager (Male) |
| 20:27 | Create | Villager (Male) |
| 20:28 | Create | Villager (Male) |
| 20:38 | Build | House |
| 20:40 | Build | House |
| 20:49 | Build | House |
| 20:50 | Build | House |
| 20:52 | Build | House |
| 20:53 | Build | House |
| 20:55 | Build | House |
| 20:57 | Build | House |
| 20:59 | Research | Hand Cart |
| 21:04 | Build | Farm |
| 21:08 | Build | Farm |
| 21:11 | Create | Villager (Male) |
| 21:12 | Create | Villager (Male) |
| 21:12 | Create | Villager (Male) |
| 21:12 | Create | Villager (Male) |
| 21:29 | Create | Villager (Male) |
| 21:30 | Create | Villager (Male) |
| 21:30 | Create | Villager (Male) |
| 21:30 | Create | Villager (Male) |
| 21:33 | Build | Farm |
| 21:41 | Build | Monastery |
| 21:45 | Build | House |
| 21:46 | Build | House |
| 21:49 | Create | Villager (Male) |
| 21:49 | Create | Villager (Male) |
| 21:50 | Create | Villager (Male) |
| 21:50 | Create | Villager (Male) |
| 21:53 | Build | Farm |
| 21:56 | Build | Farm |
| 22:01 | Build | Farm |
| 22:05 | Create | Villager (Male) |
| 22:05 | Create | Villager (Male) |
| 22:25 | Create | Villager (Male) |
| 22:26 | Create | Villager (Male) |
| 22:26 | Create | Villager (Male) |
| 22:26 | Create | Villager (Male) |
| 22:35 | Build | Farm |
| 22:44 | Create | Monk |
| 22:52 | Build | House |
| 22:53 | Build | House |
| 22:55 | Build | House |
| 22:56 | Build | House |
| 22:58 | Build | House |
| 23:03 | Build | Mining Camp |
| 23:06 | Create | Villager (Male) |
| 23:06 | Create | Villager (Male) |
| 23:06 | Create | Villager (Male) |
Build order — XXxCoExXX
First 150 of 193 actions detected
| 0:03 | Build | House |
| 0:05 | Build | House |
| 0:15 | Create | Villager (Male) |
| 0:19 | Research | Loom |
| 0:22 | Create | Villager (Male) |
| 0:22 | Create | Villager (Male) |
| 0:22 | Create | Villager (Male) |
| 0:22 | Create | Villager (Male) |
| 2:26 | Create | Villager (Male) |
| 2:26 | Create | Villager (Male) |
| 3:11 | Create | Villager (Male) |
| 3:11 | Create | Villager (Male) |
| 3:29 | Create | Villager (Male) |
| 3:29 | Create | Villager (Male) |
| 3:57 | Create | Villager (Male) |
| 4:19 | Build | Palisade Wall |
| 4:51 | Create | Villager (Male) |
| 4:51 | Create | Villager (Male) |
| 4:51 | Create | Villager (Male) |
| 5:28 | Create | Villager (Male) |
| 5:44 | Build | House |
| 5:50 | Create | Villager (Male) |
| 5:50 | Create | Villager (Male) |
| 6:04 | Create | Villager (Male) |
| 6:04 | Create | Villager (Male) |
| 6:05 | Create | Villager (Male) |
| 6:11 | Build | Lumber Camp |
| 6:46 | Create | Villager (Male) |
| 6:59 | Create | Villager (Male) |
| 7:18 | Create | Villager (Male) |
| 7:19 | Create | Villager (Male) |
| 8:13 | Build | House |
| 8:22 | Create | Villager (Male) |
| 8:47 | Build | Mill |
| 8:50 | Create | Villager (Male) |
| 9:05 | Create | Villager (Male) |
| 9:14 | Create | Villager (Male) |
| 9:54 | Build | Mining Camp |
| 9:57 | Create | Villager (Male) |
| 10:21 | Create | Villager (Male) |
| 10:28 | Build | House |
| 11:01 | Create | Villager (Male) |
| 11:34 | Create | Villager (Male) |
| 11:34 | Research | Feudal Age |
| 13:16 | Build | House |
| 13:18 | Build | House |
| 13:28 | Build | House |
| 13:28 | Build | House |
| 13:28 | Build | House |
| 13:36 | Create | Villager (Male) |
| 13:54 | Build | Farm |
| 13:55 | Build | Farm |
| 14:01 | Create | Villager (Male) |
| 14:25 | Create | Villager (Male) |
| 14:36 | Build | Blacksmith |
| 14:40 | Build | Market |
| 14:47 | Create | Villager (Male) |
| 14:56 | Research | Double-Bit Axe |
| 15:01 | Research | Horse Collar |
| 15:08 | Create | Villager (Male) |
| 15:27 | Build | Farm |
| 15:32 | Build | Farm |
| 15:36 | Build | Farm |
| 15:45 | Build | Farm |
| 15:45 | Build | Farm |
| 15:51 | Research | Castle Age |
| 16:28 | Build | Farm |
| 16:36 | Build | Farm |
| 16:50 | Build | Farm |
| 16:54 | Create | Villager (Male) |
| 17:09 | Research | Gold Mining |
| 17:09 | Research | Stone Mining |
| 17:32 | Build | Farm |
| 17:33 | Build | Farm |
| 17:34 | Build | Farm |
| 18:03 | Create | Villager (Male) |
| 18:25 | Create | Villager (Male) |
| 18:52 | Build | Town Center |
| 19:00 | Create | Villager (Male) |
| 19:12 | Research | Heavy Plow |
| 19:19 | Research | Bow Saw |
| 19:52 | Create | Villager (Male) |
| 20:06 | Create | Villager (Male) |
| 20:12 | Create | Villager (Male) |
| 20:12 | Create | Villager (Male) |
| 20:28 | Build | Town Center |
| 20:36 | Create | Villager (Male) |
| 20:37 | Create | Villager (Male) |
| 20:41 | Build | Farm |
| 20:52 | Create | Villager (Male) |
| 20:52 | Create | Villager (Male) |
| 21:10 | Build | Monastery |
| 21:18 | Create | Villager (Male) |
| 21:30 | Build | Lumber Camp |
| 21:36 | Create | Villager (Male) |
| 21:36 | Create | Villager (Male) |
| 21:37 | Create | Villager (Male) |
| 21:46 | Build | Farm |
| 21:51 | Create | Villager (Male) |
| 21:51 | Create | Villager (Male) |
| 21:58 | Create | Monk |
| 21:58 | Create | Monk |
| 22:05 | Create | Villager (Male) |
| 22:05 | Create | Villager (Male) |
| 22:20 | Build | Farm |
| 22:22 | Build | Farm |
| 22:25 | Build | Farm |
| 22:29 | Build | Farm |
| 22:32 | Build | Farm |
| 22:34 | Create | Villager (Male) |
| 22:34 | Create | Villager (Male) |
| 22:43 | Create | Villager (Male) |
| 22:43 | Create | Villager (Male) |
| 22:52 | Build | Farm |
| 22:56 | Build | Farm |
| 22:59 | Build | Farm |
| 23:05 | Create | Villager (Male) |
| 23:05 | Create | Villager (Male) |
| 23:09 | Build | Farm |
| 23:20 | Build | House |
| 23:20 | Build | House |
| 23:21 | Build | House |
| 23:21 | Build | House |
| 23:24 | Build | House |
| 23:24 | Build | House |
| 23:25 | Build | House |
| 23:25 | Build | House |
| 23:31 | Create | Villager (Male) |
| 23:32 | Create | Villager (Male) |
| 23:56 | Research | Wheelbarrow |
| 23:59 | Create | Villager (Male) |
| 24:10 | Build | Town Center |
| 24:12 | Create | Villager (Male) |
| 24:13 | Create | Villager (Male) |
| 24:26 | Create | Villager (Male) |
| 24:26 | Create | Villager (Male) |
| 24:27 | Create | Villager (Male) |
| 24:35 | Build | Farm |
| 24:41 | Build | Farm |
| 24:43 | Build | Farm |
| 24:51 | Build | Farm |
| 24:55 | Build | Farm |
| 24:59 | Create | Villager (Male) |
| 24:59 | Create | Villager (Male) |
| 25:08 | Build | House |
| 25:08 | Build | House |
| 25:08 | Build | House |
| 25:09 | Build | House |
| 25:09 | Build | House |
| 25:11 | Build | House |
Build order — Fruitsallad
126 actions detected in the replay
| 0:01 | Research | Loom |
| 0:19 | Build | Palisade Wall |
| 0:21 | Build | Palisade Wall |
| 1:50 | Create | Villager (Male) |
| 1:50 | Create | Villager (Male) |
| 2:04 | Build | Palisade Wall |
| 2:06 | Build | Palisade Wall |
| 2:21 | Create | Villager (Male) |
| 3:27 | Create | Villager (Male) |
| 4:16 | Build | Palisade Wall |
| 4:19 | Create | Villager (Male) |
| 4:19 | Create | Villager (Male) |
| 4:25 | Build | Lumber Camp |
| 4:56 | Create | Villager (Male) |
| 4:57 | Create | Villager (Male) |
| 4:57 | Create | Villager (Male) |
| 5:54 | Create | Villager (Male) |
| 5:54 | Create | Villager (Male) |
| 7:06 | Create | Villager (Male) |
| 7:06 | Create | Villager (Male) |
| 7:10 | Build | House |
| 7:35 | Build | Palisade Wall |
| 7:36 | Build | Palisade Wall |
| 8:01 | Create | Villager (Male) |
| 8:01 | Create | Villager (Male) |
| 8:01 | Create | Villager (Male) |
| 8:02 | Build | Mill |
| 8:04 | Create | Villager (Male) |
| 8:12 | Create | Villager (Male) |
| 8:12 | Create | Villager (Male) |
| 8:37 | Create | Villager (Male) |
| 8:37 | Create | Villager (Male) |
| 9:46 | Build | House |
| 10:14 | Build | House |
| 10:43 | Build | Mining Camp |
| 11:04 | Research | Feudal Age |
| 13:40 | Age | Feudal Age |
| 13:46 | Build | Market |
| 13:48 | Build | Blacksmith |
| 14:39 | Research | Castle Age |
| 15:05 | Build | Lumber Camp |
| 17:05 | Research | Double-Bit Axe |
| 17:07 | Research | Horse Collar |
| 17:19 | Age | Castle Age |
| 17:26 | Build | Siege Workshop |
| 17:50 | Create | Villager (Male) |
| 17:50 | Create | Villager (Male) |
| 17:51 | Create | Villager (Male) |
| 17:51 | Create | Villager (Male) |
| 17:51 | Create | Villager (Male) |
| 17:51 | Create | Villager (Male) |
| 17:51 | Create | Villager (Male) |
| 18:01 | Build | House |
| 18:03 | Build | House |
| 18:15 | Create | Battering Ram |
| 18:20 | Build | Farm |
| 18:23 | Build | Farm |
| 18:30 | Build | Farm |
| 18:43 | Create | Battering Ram |
| 19:04 | Research | Bow Saw |
| 19:20 | Create | Battering Ram |
| 19:25 | Build | Farm |
| 19:52 | Create | Battering Ram |
| 20:00 | Build | Farm |
| 20:02 | Create | Villager (Male) |
| 20:26 | Build | Farm |
| 20:32 | Build | Farm |
| 20:34 | Create | Villager (Male) |
| 20:36 | Build | Farm |
| 20:40 | Create | Battering Ram |
| 20:52 | Build | Farm |
| 21:11 | Create | Villager (Male) |
| 21:15 | Build | Farm |
| 21:32 | Build | Town Center |
| 21:44 | Build | House |
| 21:57 | Create | Scorpion |
| 22:12 | Build | House |
| 22:15 | Create | Villager (Male) |
| 22:33 | Create | Scorpion |
| 22:38 | Build | Farm |
| 22:39 | Build | Farm |
| 22:42 | Build | House |
| 22:49 | Build | Farm |
| 22:51 | Create | Villager (Male) |
| 22:51 | Create | Villager (Male) |
| 23:05 | Research | Wheelbarrow |
| 23:06 | Research | Town Watch |
| 23:14 | Build | House |
| 23:19 | Create | Villager (Male) |
| 23:27 | Build | House |
| 23:31 | Build | Mining Camp |
| 23:34 | Create | Villager (Male) |
| 23:36 | Create | Villager (Male) |
| 23:36 | Create | Villager (Male) |
| 23:41 | Build | Farm |
| 23:48 | Build | Farm |
| 23:50 | Create | Villager (Male) |
| 24:05 | Create | Scorpion |
| 25:17 | Create | Battering Ram |
| 25:53 | Create | Villager (Male) |
| 25:57 | Build | Town Center |
| 25:59 | Create | Villager (Male) |
| 25:59 | Create | Villager (Male) |
| 25:59 | Create | Villager (Male) |
| 25:59 | Create | Villager (Male) |
| 25:59 | Create | Villager (Male) |
| 26:02 | Research | Hand Cart |
| 26:30 | Build | Farm |
| 26:32 | Build | Farm |
| 26:33 | Create | Villager (Male) |
| 26:33 | Create | Villager (Male) |
| 26:33 | Create | Villager (Male) |
| 26:33 | Create | Villager (Male) |
| 26:33 | Create | Villager (Male) |
| 26:34 | Create | Villager (Male) |
| 26:36 | Build | House |
| 26:36 | Build | House |
| 27:26 | Build | Farm |
| 27:28 | Build | Farm |
| 27:30 | Build | Farm |
| 27:30 | Create | Villager (Male) |
| 27:30 | Create | Villager (Male) |
| 27:31 | Create | Villager (Male) |
| 27:35 | Research | Heavy Plow |
| 27:36 | Create | Villager (Male) |
| 27:36 | Create | Villager (Male) |
Build order — AirForceOne
First 150 of 153 actions detected
| 0:02 | Create | Villager (Male) |
| 0:02 | Create | Villager (Male) |
| 0:02 | Create | Villager (Male) |
| 0:04 | Build | House |
| 0:24 | Create | Villager (Male) |
| 0:24 | Create | Villager (Male) |
| 0:41 | Build | House |
| 1:03 | Research | Loom |
| 1:19 | Build | House |
| 1:23 | Build | House |
| 1:29 | Build | House |
| 1:33 | Build | House |
| 2:19 | Create | Villager (Male) |
| 2:19 | Create | Villager (Male) |
| 2:20 | Create | Villager (Male) |
| 3:05 | Create | Villager (Male) |
| 3:37 | Create | Villager (Male) |
| 3:55 | Create | Villager (Male) |
| 3:56 | Create | Villager (Male) |
| 4:25 | Create | Villager (Male) |
| 5:01 | Build | Lumber Camp |
| 5:31 | Create | Villager (Male) |
| 5:31 | Create | Villager (Male) |
| 5:50 | Create | Villager (Male) |
| 5:51 | Create | Villager (Male) |
| 5:51 | Create | Villager (Male) |
| 6:39 | Create | Villager (Male) |
| 6:39 | Create | Villager (Male) |
| 6:44 | Build | Mill |
| 6:57 | Create | Villager (Male) |
| 7:56 | Build | Mining Camp |
| 7:59 | Create | Villager (Male) |
| 8:25 | Create | Villager (Male) |
| 8:56 | Create | Villager (Male) |
| 8:57 | Create | Villager (Male) |
| 9:44 | Create | Villager (Male) |
| 10:04 | Create | Villager (Male) |
| 10:23 | Create | Villager (Male) |
| 10:52 | Create | Villager (Male) |
| 11:04 | Create | Villager (Male) |
| 11:28 | Research | Feudal Age |
| 11:45 | Build | House |
| 12:39 | Build | House |
| 12:45 | Build | Farm |
| 12:46 | Build | Farm |
| 12:47 | Build | Farm |
| 12:50 | Build | Farm |
| 13:19 | Build | Farm |
| 13:32 | Create | Villager (Male) |
| 13:33 | Create | Villager (Male) |
| 13:38 | Age | Feudal Age |
| 13:43 | Research | Double-Bit Axe |
| 13:46 | Research | Gold Mining |
| 13:48 | Research | Horse Collar |
| 13:58 | Build | Blacksmith |
| 14:07 | Create | Villager (Male) |
| 14:21 | Build | Farm |
| 14:47 | Create | Villager (Male) |
| 14:54 | Build | Farm |
| 14:57 | Build | Farm |
| 15:06 | Build | Farm |
| 15:17 | Build | Farm |
| 15:22 | Create | Villager (Male) |
| 15:23 | Create | Villager (Male) |
| 16:06 | Build | Market |
| 16:08 | Create | Villager (Male) |
| 16:16 | Build | Farm |
| 16:19 | Build | Farm |
| 16:26 | Build | Farm |
| 16:34 | Create | Villager (Male) |
| 16:44 | Build | Farm |
| 16:48 | Create | Villager (Male) |
| 17:17 | Build | Farm |
| 17:21 | Build | Farm |
| 17:28 | Create | Villager (Male) |
| 17:44 | Build | House |
| 17:49 | Research | Castle Age |
| 17:53 | Build | Farm |
| 18:33 | Build | Farm |
| 18:37 | Build | Farm |
| 18:40 | Build | Farm |
| 19:17 | Research | Padded Archer Armor |
| 19:18 | Research | Fletching |
| 19:27 | Build | Barracks |
| 20:24 | Build | Archery Range |
| 20:30 | Create | Villager (Male) |
| 20:30 | Create | Villager (Male) |
| 20:33 | Age | Castle Age |
| 20:39 | Build | Town Center |
| 20:49 | Research | Bow Saw |
| 20:51 | Create | Villager (Male) |
| 20:51 | Create | Villager (Male) |
| 20:57 | Research | Leather Archer Armor |
| 21:19 | Create | Villager (Male) |
| 21:36 | Build | Town Center |
| 21:43 | Create | Villager (Male) |
| 21:44 | Create | Villager (Male) |
| 21:48 | Research | Wheelbarrow |
| 21:57 | Build | House |
| 21:59 | Create | Villager (Male) |
| 22:18 | Build | Monastery |
| 22:21 | Create | Villager (Male) |
| 22:21 | Create | Villager (Male) |
| 22:24 | Build | Farm |
| 23:04 | Create | Villager (Male) |
| 23:06 | Create | Villager (Male) |
| 23:07 | Create | Villager (Male) |
| 23:17 | Create | Villager (Male) |
| 23:20 | Research | Hand Cart |
| 23:24 | Create | Villager (Male) |
| 23:26 | Create | Monk |
| 23:31 | Research | Crossbowman (upgrade) |
| 23:33 | Create | Villager (Male) |
| 23:33 | Create | Villager (Male) |
| 23:36 | Research | Stone Mining |
| 23:43 | Build | Farm |
| 23:46 | Create | Villager (Male) |
| 24:05 | Create | Villager (Male) |
| 24:11 | Build | Town Center |
| 24:12 | Create | Villager (Male) |
| 24:16 | Create | Archer |
| 24:17 | Create | Archer |
| 24:34 | Create | Villager (Male) |
| 24:36 | Create | Villager (Male) |
| 24:39 | Research | Gold Shaft Mining |
| 24:40 | Create | Villager (Male) |
| 24:58 | Create | Villager (Male) |
| 25:03 | Build | Farm |
| 25:06 | Create | Villager (Male) |
| 25:21 | Create | Villager (Male) |
| 25:22 | Create | Villager (Male) |
| 25:28 | Build | Farm |
| 25:29 | Build | Farm |
| 25:35 | Create | Archer |
| 25:38 | Create | Villager (Male) |
| 25:56 | Build | Farm |
| 25:57 | Build | Farm |
| 26:00 | Build | Farm |
| 26:02 | Create | Villager (Male) |
| 26:04 | Build | House |
| 26:07 | Research | Town Watch |
| 26:13 | Research | Bodkin Arrow |
| 26:15 | Create | Villager (Male) |
| 26:19 | Build | House |
| 26:25 | Build | House |
| 26:34 | Create | Villager (Male) |
| 26:37 | Build | House |
| 26:57 | Create | Villager (Male) |
| 26:58 | Create | Villager (Male) |
| 27:06 | Create | Villager (Male) |
Build order — Prnv2592
First 150 of 212 actions detected
| 0:03 | Build | House |
| 0:05 | Build | House |
| 0:05 | Create | Villager (Male) |
| 0:06 | Create | Villager (Male) |
| 0:06 | Create | Villager (Male) |
| 0:06 | Create | Villager (Male) |
| 1:31 | Create | Villager (Male) |
| 1:32 | Create | Villager (Male) |
| 1:54 | Build | Lumber Camp |
| 2:24 | Create | Villager (Male) |
| 2:25 | Create | Villager (Male) |
| 2:25 | Create | Villager (Male) |
| 2:56 | Create | Villager (Male) |
| 2:56 | Create | Villager (Male) |
| 3:31 | Build | House |
| 3:32 | Build | House |
| 3:37 | Create | Villager (Male) |
| 3:38 | Create | Villager (Male) |
| 3:47 | Create | Villager (Male) |
| 3:48 | Create | Villager (Male) |
| 4:16 | Create | Villager (Male) |
| 4:16 | Create | Villager (Male) |
| 4:50 | Create | Villager (Male) |
| 4:51 | Create | Villager (Male) |
| 5:29 | Create | Villager (Male) |
| 5:29 | Create | Villager (Male) |
| 5:29 | Create | Villager (Male) |
| 5:55 | Create | Villager (Male) |
| 5:55 | Create | Villager (Male) |
| 6:00 | Build | Mill |
| 6:13 | Create | Villager (Male) |
| 6:13 | Create | Villager (Male) |
| 6:52 | Create | Villager (Male) |
| 7:37 | Create | Villager (Male) |
| 7:37 | Create | Villager (Male) |
| 7:38 | Create | Villager (Male) |
| 8:57 | Build | Mining Camp |
| 8:58 | Research | Feudal Age |
| 9:01 | Create | Villager (Male) |
| 9:01 | Create | Villager (Male) |
| 9:01 | Create | Villager (Male) |
| 9:50 | Create | Villager (Male) |
| 10:10 | Research | Loom |
| 10:30 | Build | House |
| 11:17 | Build | Farm |
| 11:20 | Build | Farm |
| 11:24 | Age | Feudal Age |
| 11:29 | Build | Market |
| 11:36 | Build | Farm |
| 11:38 | Build | Farm |
| 11:42 | Build | Blacksmith |
| 11:53 | Build | Farm |
| 11:56 | Build | Farm |
| 12:14 | Build | Farm |
| 12:27 | Build | Farm |
| 12:30 | Build | Farm |
| 12:49 | Create | Villager (Male) |
| 13:13 | Build | House |
| 13:23 | Create | Villager (Male) |
| 14:06 | Build | Farm |
| 14:07 | Build | Farm |
| 14:07 | Build | Farm |
| 14:17 | Create | Villager (Male) |
| 14:25 | Build | Farm |
| 14:30 | Create | Villager (Male) |
| 15:27 | Research | Castle Age |
| 15:38 | Research | Double-Bit Axe |
| 16:02 | Create | Villager (Male) |
| 16:02 | Create | Villager (Male) |
| 16:32 | Research | Horse Collar |
| 17:08 | Create | Villager (Male) |
| 17:25 | Build | House |
| 17:27 | Build | House |
| 18:07 | Age | Castle Age |
| 18:09 | Build | Town Center |
| 18:16 | Build | Town Center |
| 18:23 | Build | Town Center |
| 18:31 | Build | Lumber Camp |
| 18:31 | Research | Bow Saw |
| 18:35 | Research | Heavy Plow |
| 18:41 | Research | Gold Mining |
| 18:41 | Research | Stone Mining |
| 18:47 | Build | House |
| 19:04 | Create | Villager (Male) |
| 19:21 | Build | House |
| 19:23 | Build | House |
| 19:30 | Research | Wheelbarrow |
| 19:30 | Create | Villager (Male) |
| 19:31 | Create | Villager (Male) |
| 19:32 | Create | Villager (Male) |
| 19:43 | Create | Villager (Male) |
| 19:44 | Create | Villager (Male) |
| 19:57 | Create | Villager (Male) |
| 19:58 | Create | Villager (Male) |
| 20:16 | Build | House |
| 20:20 | Build | Farm |
| 20:23 | Build | Farm |
| 20:26 | Build | Farm |
| 20:30 | Build | Farm |
| 20:33 | Build | Farm |
| 20:34 | Create | Villager (Male) |
| 20:35 | Create | Villager (Male) |
| 20:41 | Build | Farm |
| 20:49 | Create | Villager (Male) |
| 20:49 | Create | Villager (Male) |
| 20:55 | Create | Villager (Male) |
| 20:56 | Create | Villager (Male) |
| 20:56 | Create | Villager (Male) |
| 21:01 | Build | Farm |
| 21:13 | Create | Villager (Male) |
| 21:28 | Create | Villager (Male) |
| 21:29 | Create | Villager (Male) |
| 21:29 | Create | Villager (Male) |
| 21:29 | Create | Villager (Male) |
| 21:42 | Build | Farm |
| 21:51 | Create | Villager (Male) |
| 21:52 | Create | Villager (Male) |
| 21:52 | Create | Villager (Male) |
| 21:55 | Create | Villager (Male) |
| 21:55 | Create | Villager (Male) |
| 21:56 | Create | Villager (Male) |
| 21:56 | Create | Villager (Male) |
| 21:57 | Create | Villager (Male) |
| 21:58 | Create | Villager (Male) |
| 21:58 | Create | Villager (Male) |
| 22:03 | Create | Villager (Male) |
| 22:04 | Create | Villager (Male) |
| 22:08 | Build | Monastery |
| 22:11 | Create | Villager (Male) |
| 22:11 | Create | Villager (Male) |
| 22:23 | Create | Villager (Male) |
| 22:23 | Create | Villager (Male) |
| 22:24 | Create | Villager (Male) |
| 22:27 | Create | Villager (Male) |
| 22:27 | Create | Villager (Male) |
| 22:32 | Build | University |
| 22:51 | Research | Hand Cart |
| 22:57 | Create | Monk |
| 23:06 | Create | Villager (Male) |
| 23:07 | Create | Villager (Male) |
| 23:07 | Create | Villager (Male) |
| 23:16 | Build | House |
| 23:17 | Build | House |
| 23:21 | Build | House |
| 23:22 | Build | House |
| 23:26 | Build | House |
| 23:26 | Build | House |
| 23:27 | Build | House |
| 23:34 | Create | Villager (Male) |
| 23:34 | Create | Villager (Male) |
Match timeline
| 0:19 | Fruitsallad · wall_segment Palisade Wall x12 |
| 0:21 | Fruitsallad · wall_segment Palisade Wall x9 |
| 2:04 | Fruitsallad · wall_segment Palisade Wall x1 |
| 2:06 | Fruitsallad · wall_segment Palisade Wall x1 |
| 2:29 | kmac · wall_segment Palisade Wall x1 |
| 4:16 | Fruitsallad · wall_segment Palisade Wall x1 |
| 4:19 | XXxCoExXX · wall_segment Palisade Wall x8 |
| 6:52 | kmac · wall_segment Palisade Wall x1 |
| 7:09 | Hallo (RU) · wall_segment Palisade Wall x1 |
| 7:35 | Fruitsallad · wall_segment Palisade Wall x1 |
| 7:36 | Fruitsallad · wall_segment Palisade Wall x1 |
| 7:40 | kmac · wall_segment Palisade Wall x1 |
| 7:41 | kmac · wall_segment Palisade Wall x1 |
| 8:08 | kmac · wall_segment Palisade Wall x1 |
| 8:10 | kmac · wall_segment Palisade Wall x1 |
| 10:34 | FappingFuriously · first_building Barracks |
| 11:24 | Prnv2592 · age_up feudal |
| 11:45 | Hallo (RU) · age_up feudal |
| 12:46 | jkaner5000 · first_market_sell 100 wood |
| 12:49 | jkaner5000 · first_market_buy 100 food |
| 12:52 | FappingFuriously · age_up feudal |
| 13:20 | kmac · age_up feudal |
| 13:38 | AirForceOne · age_up feudal |
| 13:40 | Fruitsallad · age_up feudal |
| 15:53 | Hallo (RU) · first_market_sell 100 stone |
| 16:23 | Hallo (RU) · first_building Barracks |
| 17:19 | Fruitsallad · age_up castle |
| 17:26 | Fruitsallad · first_building Siege Workshop |
| 17:37 | Prnv2592 · first_market_buy 100 stone |
| 17:40 | AirForceOne · first_market_buy 100 food |
| 17:57 | FappingFuriously · first_market_buy 100 food |
| 18:07 | Prnv2592 · age_up castle |
| 19:21 | kmac · first_building Barracks |
| 19:27 | AirForceOne · first_building Barracks |
| 20:24 | AirForceOne · first_building Archery Range |
| 20:32 | kmac · first_building Archery Range |
| 20:33 | AirForceOne · age_up castle |
| 20:38 | Hallo (RU) · age_up castle |
| 20:45 | Hallo (RU) · first_building Monastery |
| 21:01 | Hallo (RU) · first_building Castle |
| 21:10 | XXxCoExXX · first_building Monastery |
| 21:41 | jkaner5000 · first_building Monastery |
| 22:02 | kmac · age_up castle |
| 22:05 | FappingFuriously · first_market_sell 100 wood |
| 22:08 | Prnv2592 · first_building Monastery |
| 22:14 | Prnv2592 · first_market_sell 100 wood |
| 22:18 | AirForceOne · first_building Monastery |
| 22:36 | kmac · first_market_buy 100 wood |
| 23:49 | Hallo (RU) · first_market_buy 100 wood |
| 24:47 | kmac · first_building Monastery |
| 25:01 | FappingFuriously · age_up castle |
| 25:45 | XXxCoExXX · first_building Castle |
| 25:57 | XXxCoExXX · first_building Siege Workshop |
| 26:18 | XXxCoExXX · first_building Barracks |
| 26:18 | FappingFuriously · first_building Monastery |
| 26:27 | jkaner5000 · first_building Barracks |
| 26:57 | Prnv2592 · first_building Barracks |
| 27:17 | Hallo (RU) · resign |
[ AI ANALYSIS · 1 CREDIT ]
What really happened in this match?
Wolo.gg analyzes every decision: build order, eco, micro, common mistakes by bracket. Personalized analysis on WhatsApp or Discord in 30 seconds.
Civ guide
Slavs
Map guide
Black Forest
Perfil
Jugador #19960721